 Dungeon Crawl Stone Soup version 0.30-a0-1043-g60ff8d5f49 (webtiles) character file.

Game seed: 1208095364389376821

46 NateTC the Trooper (level 3, -3/30 HPs)
             Began as a Formicid Fighter on Apr 9, 2023.
             Slain by a worm (7 damage)
             ... on level 2 of the Dungeon.
             The game lasted 00:01:18 (1033 turns).

NateTC the Trooper (Formicid Fighter)               Turns: 1033, Time: 00:01:19

Health: -3/30      AC:  9    Str: 22    XL:     3   Next: 92%
Magic:  3/3        EV:  8    Int:  7    God:
Gold:   22         SH:  6    Dex: 13    Spells: 2/2 levels left

rFire   . . .      SeeInvis +    a - +0 war axe
rCold   . . .      Faith    .    c - +1 buckler
rNeg    . . .      Spirit   .    i - +0 chain mail
rPois   .          Reflect  .    (helmet unavailable)
rElec   .          Rampage  .    (no cloak)
rCorr   .                        (no gloves)
Will    .....                    (no boots) Stlth
                                 (no amulet)
HPRegen 0.25/turn                h - ring of flight
MPRegen 0.08/turn                (no ring)

@: flying
A: permanent stasis, dig shafts and tunnels, antennae 3, four strong arms
a: Dig, Shaft Self


You were on level 2 of the Dungeon.
You visited 1 branch of the dungeon, and saw 2 of its levels.

You collected 22 gold pieces.

Inventory:

Hand Weapons
 a - a +0 war axe (weapon)
Armour
 c - a +1 buckler (worn)
 i - a +0 chain mail (worn)
Jewellery
 h - a ring of flight (left hand)
Scrolls
 g - a scroll of teleportation
Potions
 d - a potion of might


   Skills:
 * Level 4.2 Fighting
 * Level 3.1 Axes
 - Level 3.2 Armour
 - Level 4.0 Shields


You had 2 spell levels left.
You didn't know any spells.
Your spell library contained the following spells:

 Spells                   Type           Power      Damage    Failure   Level
 Gell's Gravitas          Tloc           0%         N/A       100%        3
 Teleport Other           Tloc           0%         N/A       100%        3
 Dispersal                Tloc           0%         N/A       100%        6


Dungeon Overview and Level Annotations

Branches:
Dungeon (2/15) Zot: 10930

Altars:


Innate Abilities, Weirdness & Mutations

You cannot be hasted, slowed, berserked, paralysed or teleported.
You can dig through walls and to a lower floor.
You have a pair of large antennae on your head. (SInv)
Your four strong arms can wield two-handed weapons with a shield.


Message History

Natasha claws you.
* * * LOW HITPOINT WARNING * * *
You block the cerulean imp's attack.
The worm bites the bush.
You slash Natasha!
Natasha is almost dead.
You completely miss the bush. You hit the bush but do no damage. x2
The cerulean imp hits you but does no damage.
The cerulean imp barely misses you. You block Natasha's attack.
The worm bites the bush!
You closely miss Natasha.
Natasha is almost dead.
You hit the bush but do no damage. x3; The cerulean imp closely misses you.
The cerulean imp completely misses you.
Natasha stares at you and mumbles some strange words.
The magic dart hits you.
* * * LOW HITPOINT WARNING * * *
Something hits the bush but does no damage.
You block the cerulean imp's attack. Natasha claws you but does no damage.
The cerulean imp barely misses you.
Something hits the bush but does no damage.
You barely miss Natasha.
Natasha is almost dead.
You hit the bush but do no damage. x2; You hit the bush.
The worm bites the bush but does no damage.
The cerulean imp closely misses you.
The cerulean imp hits you but does no damage.
Natasha stares at you and mumbles some strange words.
Your stasis prevents you from being slowed.
Something hits the bush but does no damage.
You hit Natasha.
You kill Natasha!
Natasha yowls pathetically as she dies!
The cerulean imp disappears in a puff of smoke! x2
You hit the bush but do no damage. You hit the bush. x2
Your Fighting skill increases to level 4!
Your Axes skill increases to level 3!
You hit the worm.
The worm is lightly wounded.
You hit the bush. x2; You hit the bush but do no damage.
The worm bites you!
You die...

#.......#
#.......#
###.#######
#....#
#....#
#....#
###....#
##..##....#
#P@..#.##.#
#§wPP...#
.#
...§.PP..##
# .......
PP.#
#.#....
P...# #
#.... .P...
#..## ♣♣♣♣.
#..


You could see a worm.

Vanquished Creatures
  Natasha (D:2)
  A ball python (D:1)
  3 endoplasms (D:1)
  2 hobgoblins (D:1)
  3 bats (D:1)
  3 frilled lizards (D:1)
  4 goblins (D:1)
  A kobold (D:1)
  2 rats (D:1)
20 creatures vanquished.

Vanquished Creatures (others)
  A plant (D:2)
1 creature vanquished.

Grand Total: 21 creatures vanquished

Notes
Turn   | Place    | Note
-------+----------+-------------------------------------------
     0 | D:1      | NateTC the Formicid Fighter began the quest for the Orb.
     0 | D:1      | Reached XP level 1. HP: 18/18 MP: 1/1
   373 | D:1      | Reached XP level 2. HP: 24/24 MP: 2/2
   859 | D:1      | Reached XP level 3. HP: 30/30 MP: 3/3
  1016 | D:2      | Noticed Natasha
  1032 | D:2      | Killed Natasha
  1033 | D:2      | Slain by a worm

Illustrated notes

Levels and vault maps discovered:
D:1:      ncdulo_wetmaze, layout_basic
D:2:      layout_basic, serial_forest, infiniplex_forest_join,
          infiniplex_forest_clump_curved, infiniplex_forest_join,
          infiniplex_forest_clump_double, infiniplex_forest_corner_1,
          infiniplex_forest_clump_curved, infiniplex_forest_zigzag_2,
          infiniplex_forest_clump_double, basic_altar, uniq_terence,
          uniq_natasha

Skill      XL: |  1  2  3 |
---------------+----------+-----
Fighting       | 4 |  4.2
Axes           | 3 |  3.1
Armour         | |  3.2
Shields        | |  4.0

Action                     || total
---------------------------++-------
  Melee: War axe           ||    72
    Use: Scroll            ||     2
 Armour: Scale mail        ||    19
         Chain mail        ||    26
  Dodge: Dodged            ||    25
  Block: Buckler           ||    35

Table legend: (Time is in decaauts)
 A = Elapsed time spent in this place.
 B = Non-inter-level travel time spent in this place.
 C = Inter-level travel time spent in this place.
 D = Time resting spent in this place.
 E = Time spent auto-exploring this place.
 F = Levels seen in this place.
 G = Mean time per level.
                   A        B        C        D        E       F      G
               +--------+--------+--------+--------+--------+-----+--------+
         Total |   1067 |   1049 |     18 |      0 |    847 |   2 |  533.5 |
       Dungeon |   1067 |   1049 |     18 |      0 |    847 |   2 |  533.5 |
               +--------+--------+--------+--------+--------+-----+--------+

Top non-repeatable levels by time:
     D:1: 1036 daAuts
     D:2: 31 daAuts
